 Dungeon Crawl Stone Soup version 0.30.0-29-ga12c61a403 (webtiles) character file.

Game seed: 2848004626131428878

582 qw the Chopper (level 7, -3/44 HPs)
             Began as a Gargoyle Fighter on June 5, 2023.
             Killed from afar by Blork the orc (7 damage)
             ... with a puff of frost
             ... on level 5 of the Dungeon.
             The game lasted 00:02:08 (3651 turns).

qw the Chopper (Gargoyle Fighter)                   Turns: 3651, Time: 00:02:08

Health: -3/44      AC: 17    Str: 27      XL:     7   Next: 36%
Magic:  7/7        EV:  7    Int:  7 (8)  God:
Gold:   215        SH:  4    Dex:  7 (8)  Spells: 6/6 levels left

rFire   . . .        f - +2 war axe
rCold   . . .        c - +0 buckler
rNeg    + + .        q - +0 plate armour
rPois   inf          (no helmet)
rElec   +            (no cloak)
rCorr   .            (no gloves)
SInv    +            k - +0 pair of boots
Will    +....        (no amulet) Stlth
                     p - ring of see invisible
HPRegen 0.27/turn    n - ring "Raarinko" {rN+ Will+ Str+2}
MPRegen 0.10/turn

%: no passive effects
@: marked
A: sickness immunity, AC +4, negative energy resistance 1, electricity
resistance, torment resistance 1, petrification resistance, deterioration 1,
strong 1, subdued magic 1
a: no special abilities


You were on level 5 of the Dungeon.
You visited 2 branches of the dungeon, and saw 6 of its levels.

You collected 215 gold pieces.


Innate Abilities, Weirdness & Mutations

You are immune to sickness and miasma.
Your stone body is resilient. (AC +4)
You are immune to poison.
You resist negative energy. (rN+)
You are resistant to electric shocks. (rElec)
You are resistant to unholy torment.
You are immune to petrification.
Your body sometimes deteriorates upon taking damage.
Your muscles are strong. (Str +4, Int/Dex -1)
Your spells are a little easier to cast, but a little less powerful.


   Skills:
 - Level 4.8 Fighting
 + Level 6.6 Axes
 - Level 3.2 Armour
 - Level 3.2 Shields


You had 6 spell levels left.
You didn't know any spells.
Your spell library was empty.

Inventory:

Hand Weapons
 f - a +2 war axe (weapon)
 o - a +0 flail of protection
Armour
 c - a +0 buckler (worn)
 k - a +0 pair of boots (worn)
 l - a +0 chain mail of fire resistance
 q - a +0 plate armour (worn)
Jewellery
 h - a ring of resist corrosion
 n - the ring "Raarinko" (right hand) {rN+ Will+ Str+2}
   (You found it on level 3 of the Dungeon)

   [ring of willpower]

   Str:       It affects your strength (+2).
   rN:        It protects you from negative energy.
   Will:      It increases your willpower.
 p - a ring of see invisible (left hand)
 Y - a ring of protection from cold
Scrolls
 a - a scroll of identify
Potions
 b - a potion of cancellation
 d - a potion of might
 e - a potion of haste
 i - 3 potions of magic
 j - 2 potions of curing
 m - a potion of mutation

Dungeon Overview and Level Annotations

Branches:
Dungeon (5/15)             Temple (1/1) D:4

Altars:
Gozag
Hepliaklqana
Kikubaaqudgha
Nemelex Xobeh
Qazlal
Ru
Trog
Uskayaw
Xom
Yredelemnul
Zin

Annotations:
D:5 Blork the orc


Message History

3636 ||| DRINKING potion of heal wounds.
You feel much better.
Blork the orc hits you with a +0 hand axe.
You block the ufetubus's attack.
The ufetubus hits you but does no damage.
The water moccasin bites you but does no damage.
Blork the orc hits you with a +0 hand axe.
The gnoll hits you from afar with a +0 halberd.
A bullfrog comes into view.
You slash the water moccasin!
The water moccasin is almost dead.
You barely miss Blork the orc. You barely miss the ufetubus.
The ufetubus hits you. The ufetubus closely misses you.
Blork the orc barely misses you.
The water moccasin bites you but does no damage.
You block the ufetubus's attack. The ufetubus hits you.
The gnoll hits you from afar with a +0 halberd.
You block Blork the orc's attack. The water moccasin closely misses you.
You closely miss the water moccasin.
The water moccasin is almost dead.
You hit the ufetubus. You barely miss Blork the orc.
Your surroundings suddenly seem different.
Enter note:
Enter note:
Enter note:
Enter note: You start resting.
A scorpion is nearby!
3649 ||| Stepping ~*~*~tactically~*~*~ (hiding).
Enter note:
Enter note:
Enter note:
Enter note: You hit the scorpion.
The scorpion is lightly wounded.
The scorpion stings you.
The scorpion stings you but does no damage.
Blork the orc gestures at you while chanting.
The puff of frost hits you!
You die...

### ## ... .#
#.###.# .######
.......##.......
#..@........
##..so.#####
####5## F# .# ..
## #.# #.#


You could see Blork the orc (fast), a bullfrog, a scorpion and an ufetubus.

Vanquished Creatures
  A centaur (D:4)
  2 scorpions (D:5)
  An orc priest (D:4)
  A gnoll bouda (D:5)
  A jelly (D:4)
  A sleepcap (D:5)
  An iguana (D:5)
  2 orc wizards
  3 gnolls (D:5)
  6 adders
  A worm (D:3)
  A dart slug (D:1)
  21 orcs
  7 endoplasms
  A giant cockroach (D:4)
  4 goblins
  7 hobgoblins
  3 jackals (D:1)
  8 kobolds
  2 quokkas
  10 ball pythons
  4 bats
  4 frilled lizards
  6 rats
98 creatures vanquished.

Notes
Turn   | Place    | Note
-------+----------+-------------------------------------------
     0 | D:1      | qw the Gargoyle Fighter began the quest for the Orb.
     0 | D:1      | Reached XP level 1. HP: 14/14 MP: 1/1
     0 | D:1      | 0 ||| qw: Version: 0.2-a-108-gee2c290
     0 | D:1      | 0 ||| qw: Game counter: 1412
     0 | D:1      | 0 ||| qw: Always use a shield: true
     0 | D:1      | 0 ||| qw: God list: Okawaru
     0 | D:1      | 0 ||| qw: Allow faded altars: false
     0 | D:1      | 0 ||| qw: Do Orc after D:15 true
     0 | D:1      | 0 ||| qw: Do second Lair branch before Depths: true
     0 | D:1      | 0 ||| qw: Lair rune preference: random
     0 | D:1      | 0 ||| qw: Plans: Normal, Zot:1-4, Slime:5, God:TSO, Crypt,
                  | Tomb, Abyss, Pan, Hells, Win
     0 | D:1      | 0 ||| PLANNING D:1-11
    37 | D:1      | Reached skill level 2 in Axes
    94 | D:1      | 94 ||| DROPPING +0 club.
   150 | D:1      | 150 ||| Stepping ~*~*~tactically~*~*~ (stealth).
   164 | D:1      | Reached XP level 2. HP: 11/19 MP: 2/2
   203 | D:1      | 203 ||| Stepping ~*~*~tactically~*~*~ (stealth).
   206 | D:1      | 206 ||| Stepping ~*~*~tactically~*~*~ (stealth).
   213 | D:1      | 213 ||| FLEEEEING.
   308 | D:1      | 308 ||| Stepping ~*~*~tactically~*~*~ (stealth).
   310 | D:1      | 310 ||| Stepping ~*~*~tactically~*~*~ (stealth).
   315 | D:1      | Reached skill level 3 in Axes
   319 | D:1      | 319 ||| Stepping ~*~*~tactically~*~*~ (stealth).
   322 | D:1      | 322 ||| Stepping ~*~*~tactically~*~*~ (stealth).
   326 | D:1      | 326 ||| Stepping ~*~*~tactically~*~*~ (stealth).
   335 | D:1      | Reached XP level 3. HP: 23/23 MP: 3/3
   350 | D:1      | Found a faded altar of an unknown god.
   350 | D:1      | Noticed a rust devil
   537 | D:1      | 537 ||| UPGRADING to +0 pair of boots.
   542 | D:1      | 542 ||| UPGRADING to +0 chain mail of fire resistance.
   552 | D:1      | 552 ||| DROPPING +0 scale mail.
   553 | D:1      | 553 ||| UPGRADING to ring of protection from cold.
   554 | D:1      | 554 ||| READING scroll labelled ZEMIXK JAHIHI.
   695 | D:2      | 695 ||| Stepping ~*~*~tactically~*~*~ (hiding).
   848 | D:2      | 848 ||| FLEEEEING.
   849 | D:2      | 849 ||| FLEEEEING.
   850 | D:2      | 850 ||| FLEEEEING.
   851 | D:2      | 851 ||| FLEEEEING.
   852 | D:2      | 852 ||| FLEEEEING.
   853 | D:2      | 853 ||| FLEEEEING.
   854 | D:2      | 854 ||| FLEEEEING.
   855 | D:2      | 855 ||| FLEEEEING.
   856 | D:2      | 856 ||| FLEEEEING.
   857 | D:2      | 857 ||| FLEEEEING.
   858 | D:2      | 858 ||| FLEEEEING.
   859 | D:2      | 859 ||| FLEEEEING.
   863 | D:2      | 863 ||| FLEEEEING.
   864 | D:2      | 864 ||| FLEEEEING.
   865 | D:2      | 865 ||| FLEEEEING.
   866 | D:2      | 866 ||| FLEEEEING.
   867 | D:2      | 867 ||| FLEEEEING.
   870 | D:2      | 870 ||| FLEEEEING.
   871 | D:2      | 871 ||| FLEEEEING.
   872 | D:2      | 872 ||| FLEEEEING.
   873 | D:2      | 873 ||| FLEEEEING.
   877 | D:2      | Reached XP level 4. HP: 17/28 MP: 4/4
   920 | D:2      | 920 ||| DROPPING +0 whip.
   948 | D:2      | 948 ||| Stepping ~*~*~tactically~*~*~ (stealth).
  1094 | D:2      | Reached skill level 4 in Axes
  1102 | D:2      | 1102 ||| READING scroll labelled LOTYNA VEONUATZ.
  1106 | D:2      | 1106 ||| READING scroll labelled ERCHO UXEUZXU.
  1207 | D:2      | 1207 ||| DRINKING 2 black potions.
  1208 | D:2      | 1208 ||| DRINKING 2 brown potions.
  1409 | D:3      | Identified the ring "Raarinko" {rN+ Will+ Str+2}
  1634 | D:3      | 1634 ||| UPGRADING to ring "Raarinko" {rN+ Will+ Str+2}.
  1635 | D:3      | 1635 ||| READING scroll labelled ERAWANG TYTUSCH.
  1636 | D:3      | 1636 ||| DRINKING 4 fuming green potions.
  1640 | D:3      | 1640 ||| STAIRDANCE
  1790 | D:2      | 1790 ||| READING scroll labelled YTIEHI GYDO.
  1791 | D:2      | 1791 ||| READING 3 scrolls of identify.
  1791 | D:2      | 1791 ||| IDENTIFYING glowing blue potion
  1792 | D:2      | 1792 ||| READING 2 scrolls of identify.
  1792 | D:2      | 1792 ||| IDENTIFYING bubbling dark potion
  1793 | D:2      | 1793 ||| DROPPING potion of invisibility.
  1889 | D:3      | Reached XP level 5. HP: 32/32 MP: 5/5
  1953 | D:3      | 1953 ||| Stepping ~*~*~tactically~*~*~ (hiding).
  1954 | D:3      | 1954 ||| Stepping ~*~*~tactically~*~*~ (hiding).
  2125 | D:3      | 2125 ||| Stepping ~*~*~tactically~*~*~ (stealth).
  2141 | D:3      | 2141 ||| DRINKING 2 fuming silvery potions.
  2141 | D:3      | Gained mutation: Your spells are a little easier to cast,
                  | but a little less powerful. [potion of mutation]
  2141 | D:3      | Gained mutation: Your body sometimes deteriorates upon
                  | taking damage. [potion of mutation]
  2141 | D:3      | Gained mutation: Your muscles are strong. (Str +4, Int/Dex
                  | -1) [potion of mutation]
  2211 | D:4      | 2211 ||| Stepping ~*~*~tactically~*~*~ (stealth).
  2241 | D:4      | 2241 ||| READING scroll of enchant weapon.
  2241 | D:4      | 2241 ||| ENCHANTING +1 war axe.
  2244 | D:4      | Found an ancient bone altar of Kikubaaqudgha.
  2259 | D:4      | Found a basalt altar of Yredelemnul.
  2328 | D:4      | 2328 ||| Stepping ~*~*~tactically~*~*~ (stealth).
  2334 | D:4      | 2334 ||| FLEEEEING.
  2344 | D:4      | Reached skill level 5 in Axes
  2403 | D:4      | Found a staircase to the Ecumenical Temple.
  2404 | D:4      | 2404 ||| PLANNING TEMPLE
  2412 | Temple   | Entered the Ecumenical Temple
  2455 | Temple   | 2455 ||| PLANNING D:1-11
  2597 | D:4      | Noticed a centaur
  2598 | D:4      | 2598 ||| Stepping ~*~*~tactically~*~*~ (stealth).
  2600 | D:4      | 2600 ||| Stepping ~*~*~tactically~*~*~ (hiding).
  2602 | D:4      | 2602 ||| Stepping ~*~*~tactically~*~*~ (hiding).
  2617 | D:4      | Killed a centaur
  2618 | D:4      | Reached XP level 6. HP: 23/40 MP: 6/6
  2740 | D:4      | 2740 ||| Stepping ~*~*~tactically~*~*~ (stealth).
  3108 | D:4      | 3108 ||| UPGRADING to +0 plate armour.
  3118 | D:4      | 3118 ||| DROPPING amulet of magic regeneration.
  3119 | D:4      | 3119 ||| UPGRADING to ring of see invisible.
  3121 | D:4      | 3121 ||| READING 2 scrolls of identify.
  3121 | D:4      | 3121 ||| IDENTIFYING bubbling emerald potion
  3168 | D:5      | Entered Level 5 of the Dungeon
  3168 | D:5      | Found a shimmering altar of Xom.
  3200 | D:5      | Found an opulent altar of Gozag.
  3316 | D:5      | 3316 ||| DROPPING +0 flail.
  3411 | D:5      | Reached XP level 7. HP: 21/44 MP: 7/7
  3418 | D:5      | 3418 ||| FLEEEEING.
  3420 | D:5      | 3420 ||| FLEEEEING.
  3421 | D:5      | 3421 ||| FLEEEEING.
  3422 | D:5      | 3422 ||| FLEEEEING.
  3423 | D:5      | 3423 ||| FLEEEEING.
  3430 | D:5      | 3430 ||| FLEEEEING.
  3433 | D:5      | 3433 ||| STAIRDANCE
  3492 | D:4      | 3492 ||| DRINKING 2 bubbling puce potions.
  3493 | D:4      | 3493 ||| DROPPING potion of brilliance.
  3527 | D:5      | Reached skill level 6 in Axes
  3629 | D:5      | Noticed Blork the orc
  3634 | D:5      | HP: 8/44 [Blork the orc/+0 hand axe (4)]
  3634 | D:5      | HP: 2/44 [gnoll/+0 halberd (6)]
  3635 | D:5      | 3635 ||| READING scroll of teleportation.
  3636 | D:5      | 3636 ||| DRINKING potion of heal wounds.
  3649 | D:5      | 3649 ||| Stepping ~*~*~tactically~*~*~ (hiding).
  3651 | D:5      | HP: 4/44 [scorpion (6)]
  3651 | D:5      | Killed from afar by Blork the orc

Levels and vault maps discovered:
D:1:      minmay_arrival_solitary_statue, layout_rooms,
          dreamdust_ecumenical_altar_sealed_demon
D:2:      layout_basic, minmay_tetromino_i2
D:3:      layout_basic, minivault_25
D:4:      layout_gridville, kiku_gazebo_pond_becter, mainiacjoe_overflow_paths,
          temple_hall
D:5:      layout_loops_ring, nicolae_gozag_seed_capital,
          overflow_temple_1_default, hangedman_decor_clover_reticule,
          minmay_increasing_density, uniq_blork_the_orc
Temple:   nicolae_temple_ecumenical_triangle

Skill      XL: |  1  2  3  4  5  6  7 |
---------------+----------------------+-----
Axes           | 2 3 4 5 6 |  6.6
Fighting       | 4 |  4.8
Armour         | |  3.2
Shields        | |  3.2

Action                     |  1- 3 |  4- 6 |  7- 9 || total
---------------------------+-------+-------+-------++-------
  Melee: War axe           |    96 |   173 |    24 ||   293
    Use: Scroll            |     1 |     8 |     1 ||    10
         Potion            |       |     4 |     2 ||     6
 Armour: Scale mail        |    41 |       |       ||    41
         Chain mail        |    31 |    85 |       ||   116
         Plate armour      |       |    23 |    27 ||    50
  Dodge: Dodged            |    37 |    64 |    12 ||   113
  Block: Buckler           |    15 |    36 |    10 ||    61

Table legend:
 A = Non-vault XP
 B = Vault XP
 C = Vault XP percentage of total XP
 D = Non-vault monster count
 E = Vault monster count
 F = Vault count percentage of total count
                 A         B        C        D         E       F
            +---------+---------+-------+---------+---------+-------
      Total |     674 |     158 |  19.0 |      95 |       3 |   3.1
            +---------+---------+-------+---------+---------+-------
        D:1 |      39 |       0 |   0.0 |      23 |       0 |   0.0
        D:2 |      83 |       0 |   0.0 |      21 |       0 |   0.0
        D:3 |      48 |       0 |   0.0 |      15 |       0 |   0.0
        D:4 |     243 |       0 |   0.0 |      20 |       0 |   0.0
        D:5 |     261 |     158 |  37.7 |      16 |       3 |  15.8
            +---------+---------+-------+---------+---------+-------
